AoeStats
← GA | Oink

Golden Pit

508249015Analyzed
1v1 RM · 9d ago on Sep 21, 2026· 19m 10s· 2 players
Game mode
Random Map
Map size
Tiny (2 player)
Population
200
Speed
Normal
Resources
Standard
Victory
Conquest
Starting age
Dark Age
Ending age
Imperial Age
RankedLock teamsTeams togetherTeam positionsShared explorationLock speedFull tech treeHidden civsTurbo modeCheats
Victory
Defeat
🇦🇷 Vikings · Argentina
1004
+16
🇩🇪 Portuguese · Germany
995
-16
GA | Oink
9:41 Feudal Age
9:42 Man-at-Arms
13:00 Scale Mail Armor
14:59 Double-Bit Axe
14:55 Horse Collar
19:39 Castle Age
Cartucho
7:44 Loom
10:42 Feudal Age
17:50 Castle Age
19:05 Fletching
Connection lost

Rejoining the realm…

Still unreachable

The connection could not be restored.

Session expired

The server has moved on; the page needs a fresh start.